 Dungeon Crawl Stone Soup version 0.29-a0-486-ga88943ba61 (console) character file.

Game seed: 7362565115000883222

18 Faeu the Ducker (level 2, -2/17 HPs)
             Began as a Vampire Gladiator on May 26, 2022.
             Slain by a kobold
             ... wielding a +0 club
              (3 damage)
             ... on level 2 of the Dungeon.
             The game lasted 00:01:09 (702 turns).

Faeu the Ducker (Vampire Gladiator)                  Turns: 702, Time: 00:01:10

Health: -2/17      AC:  4    Str: 13    XL:     2   Next: 51%
Magic:  2/2        EV: 13    Int: 10    God:
Gold:   33         SH:  0    Dex: 15    Spells: 1/1 levels left

rFire   . . .      SeeInvis +   a - +0 rapier {short}
rCold   + + .      Faith    .   (no shield)
rNeg    + + +      Spirit   .   b - +0 leather armour
rPois   ∞          Reflect  .   c - +0 helmet
rElec   .          Harm     .   (no cloak)
rCorr   .          Rampage  .   (no gloves)
Will    .....                   (no boots)
Stlth   ++++......              (no amulet)
HPRegen 0.00/turn               (no ring)
MPRegen 0.08/turn               (no ring)

@: bloodless, inhibited regen
A: bloodless, fangs 3, see invisible, vampiric 1
a: Revivify


You were on level 2 of the Dungeon.
You visited 1 branch of the dungeon, and saw 2 of its levels.

You collected 33 gold pieces.


Innate Abilities, Weirdness & Mutations

You do not regenerate when monsters are visible.
You are frail without blood (-20% HP).
You can heal yourself when you bite living creatures.
You are immune to poison.
You have razor-sharp teeth.
You have supernaturally acute eyesight. (SInv)
You are afflicted with vampirism.


   Skills:
 - Level 1.7 Fighting
 - Level 3.2 Short Blades
 - Level 1.5 Throwing
 + Level 3.8 Dodging
 + Level 2.5 Stealth


You had one spell level left.
You didn't know any spells.
Your spell library was empty.

Inventory:

Hand Weapons
 a - a +0 rapier (weapon) {short}
Missiles
 d - 3 throwing nets (quivered) {=f!fthrowing}
 e - a javelin {throwing}
 m - a stone {throwing}
Armour
 b - a +0 leather armour (worn)
 c - a +0 helmet (worn)
 f - a +0 scale mail
   (You found it on level 1 of the Dungeon)
 l - a +0 leather armour
   (You found it on level 1 of the Dungeon)
Magical Staves
 k - a staff of air {!astaff}
   (You found it on level 1 of the Dungeon)
Jewellery
 n - a +4 ring of evasion
   (You found it on level 1 of the Dungeon)
Scrolls
 g - a scroll of vulnerability {unknown}
 h - a scroll of summoning {unknown}
 i - a scroll of identify {unknown}
 j - a scroll of magic mapping {unknown}

Dungeon Overview and Level Annotations

Branches:
Dungeon (2/15)

Altars:

# #........#
..#####.##.# #.#
#..#.# #.# #.S#.#.. #
.## ##.#.#.# . ....
#.#.#.# . ##..#S#.#.#
S. #.....#.###
##.....#...
.......#.#.###########
##..##....SS.K@$......
##. ##..##..K....####
# ##....#.#....#
#.......####.#
...#.....# #
..##...#.# #.. ..#....
..###.###..#


You could see an adder, a ball python and 2 kobolds.


Message History

You see here a +0 short sword {short}.
n - a +4 ring of evasion No target in view!
You now have 33 gold pieces (gained 10).
A kobold comes into view. It is wielding a +0 dagger.
A ball python comes into view.
There are monsters nearby!
A frilled lizard, a dart slug and a giant cockroach come into view.
The ball python hisses angrily.
The kobold shouts!
You hear an angry hiss.
You hear a shout!
There are monsters nearby!
The frilled lizard hisses angrily.
The kobold closely misses you. The ball python closely misses you.
The ball python grabs you. The ball python constricts you.
You see here 2 scrolls labelled KUFUXU HIMIA.
There are monsters nearby!
You barely miss the ball python. You bite the ball python.
You draw the ball python's blood!
The kobold misses you. The ball python bites you.
The ball python constricts you. 😕 HP[-3]
You take 3 damage, and now have 14/17 hp.
There are monsters nearby!
You hit the ball python but do no damage.
The kobold barely misses you. The ball python misses you.
The ball python constricts you. 😕 HP[-1]
You take 1 damage, and now have 13/17 hp.
You escape the ball python's grasp.
A ball python comes into view.
The ball python hisses angrily.
The kobold attacks as you move away! The kobold closely misses you.
The kobold attacks as you move away! The kobold closely misses you.
The kobold hits you with a +0 dagger. 😮 HP[-3]
You take 3 damage, and now have 10/17 hp.
The kobold attacks as you move away! The kobold completely misses you.
The kobold attacks as you move away! The kobold hits you but does no damage.
There is a stone staircase leading down here.
The kobold hits you with a +0 dagger.
* * * LOW HITPOINT WARNING * * *
You climb downwards.
There is a stone staircase leading up here. 😨 HP[-2]
You take 2 damage, and now have 8/17 hp.
You closely miss the kobold. The kobold hits you but does no damage.
You closely miss the kobold.
The ball python hisses angrily.
The kobold hits you but does no damage.
You hit the kobold. The kobold hits you but does no damage.
You miss the kobold. Your bite misses the kobold. The kobold barely misses you.
The ball python bites you.
* * * LOW HITPOINT WARNING * * *
The ball python barely misses you. 😨 HP[-1]
You take 1 damage, and now have 7/17 hp.
You hit the kobold.
You kill the kobold!
The ball python bites you.
* * * LOW HITPOINT WARNING * * *
The ball python grabs you.
The ball python constricts you. 😨 HP[-1]
You take 1 damage, and now have 6/17 hp.
You hit the ball python.
You kill the ball python!
A ball python comes into view.
You see here a ball python corpse.
You see here a +0 dagger {short}.
You start resting.
A ball python comes into view.
An adder comes into view.
There is a stone staircase leading up here. 😨 HP[+1]
A hobgoblin comes into view.
A kobold and a ball python come into view.
An adder comes into view.
The adder hisses angrily.
The ball python hisses angrily.
The kobold closely misses you. The kobold attacks as you move away!
The kobold misses you. The kobold attacks as you move away!
The kobold closely misses you. The kobold attacks as you move away!
The kobold barely misses you. The kobold attacks as you move away!
The kobold hits you but does no damage. The kobold attacks as you move away!
The kobold closely misses you. The kobold attacks as you move away!
The kobold barely misses you. The kobold attacks as you move away!
The kobold hits you with a +0 short sword.
* * * LOW HITPOINT WARNING * * *
😨 HP[-1]
You take 1 damage, and now have 6/17 hp.
The kobold attacks as you move away!
The kobold hits you with a +0 short sword.
* * * LOW HITPOINT WARNING * * *
😱 HP[-5]
You take 5 damage, and now have 1/17 hp.
MASSIVE DAMAGE!! (PAUSE)
Okay, then.
The kobold attacks as you move away! The kobold barely misses you.
A kobold comes into view. It is wielding a +0 club.
The kobold shouts!
The kobold attacks as you move away! The kobold hits you with a +0 club.
You die...

Skill      XL: |  1  2 |
---------------+-------+-----
Stealth        | 1 2 |  2.5
Fighting       | |  1.7
Short Blades   | |  3.2
Throwing       | |  1.5
Dodging        | |  3.8

Action                   || total
-------------------------++-------
Melee: Rapier            ||    36
       Bite              ||     1
 Abil: Exsanguinate      ||     1
 Stab: Sleeping          ||     5
Armor: Leather armour    ||    15
Dodge: Dodged            ||    27

Levels and vault maps discovered:
D:1:      dpeg_arrival_three_smaller_balls, layout_loops_ring,
          shapermc_ecumenical_altar_notcrosses, minmay_tetromino_o4
D:2:      minmay_door_path, layout_rooms

Notes
Turn   | Place    | Note
-------+----------+-------------------------------------------
     0 | D:1      | Faeu the Vampire Gladiator began the quest for the Orb.
     0 | D:1      | Reached XP level 1. HP: 16/16 MP: 1/1
     0 | D:1      | magus.rc [v1.9.6]
   211 | D:1      | Reached skill level 1 in Stealth
   256 | D:1      | Reached XP level 2. HP: 17/17 MP: 2/2
   259 | D:1      | Reached skill level 2 in Stealth
   341 | D:1      | Found a faded altar of an unknown god.
   697 | D:2      | HP: 1/17 [kobold/+0 short sword (5)]
   702 | D:2      | Slain by a kobold

Vanquished Creatures
  A bat (D:1)
  A giant cockroach (D:1)
  3 goblins (D:1)
  2 hobgoblins (D:1)
  3 kobolds
  A quokka (D:1)
  4 ball pythons
  A frilled lizard (D:1)
  A rat (D:1)
17 creatures vanquished.

Table legend:
 A = Non-vault XP
 B = Vault XP
 C = Vault XP percentage of total XP
 D = Non-vault monster count
 E = Vault monster count
 F = Vault count percentage of total count
                 A         B        C        D         E       F
            +---------+---------+-------+---------+---------+-------
      Total |      27 |       0 |   0.0 |      17 |       0 |   0.0
            +---------+---------+-------+---------+---------+-------
        D:1 |      25 |       0 |   0.0 |      15 |       0 |   0.0
        D:2 |       2 |       0 |   0.0 |       2 |       0 |   0.0
            +---------+---------+-------+---------+---------+-------

Illustrated notes

Table legend:
 A = Kills in this place as a percentage of kills in entire the game.
 B = Kills by you in this place as a percentage of kills by you in the entire game.
 C = Kills by friends in this place as a percentage of kills by friends in the entire game.
 D = Other kills in this place as a percentage of other kills in the entire game.
 E = Experience gained in this place as a percentage of experience gained in the entire game.
 F = Experience gained in this place divided by the number of levels of this place that you have seen.
                   A       B       C       D       E      F
               +-------+-------+-------+-------+-------+----------------------
         Total | 100.0 | 100.0 |   N/A |   N/A | 100.0 |  13.5
       Dungeon | 100.0 | 100.0 |   N/A |   N/A | 100.0 |  13.5
               +-------+-------+-------+-------+-------+----------------------

Table legend: (Time is in decaauts)
 A = Elapsed time spent in this place.
 B = Non-inter-level travel time spent in this place.
 C = Inter-level travel time spent in this place.
 D = Time resting spent in this place.
 E = Time spent auto-exploring this place.
 F = Levels seen in this place.
 G = Mean time per level.
                   A        B        C        D        E       F      G
               +--------+--------+--------+--------+--------+-----+--------+
         Total |    703 |    703 |      0 |    100 |    429 |   2 |  351.5 |
       Dungeon |    703 |    703 |      0 |    100 |    429 |   2 |  351.5 |
               +--------+--------+--------+--------+--------+-----+--------+

Top non-repeatable levels by time:
     D:1: 664 daAuts
     D:2: 38 daAuts
